 Dungeon Crawl Stone Soup version 0.29.1-2-gbd0b4ee654 (webtiles) character file.

Game seed: 1467574601295490720

3 qeuew the Sneak (level 1, -1/9 HPs)
             Began as a Spriggan Enchanter on Nov 4, 2022.
             Slain by an endoplasm (2 damage)
             ... on level 1 of the Dungeon.
             The game lasted 00:00:26 (252 turns).

qeuew the Sneak (Spriggan Enchanter)                 Turns: 252, Time: 00:00:26

Health: -1/9       AC:  2    Str:  4    XL:     1   Next: 41%
Magic:  5/5        EV: 17    Int: 16    God:
Gold:   6          SH:  0    Dex: 15    Spells: 5/5 levels left

rFire   . . .      SeeInvis +   a - +1 dagger
rCold   . . .      Faith    .   (no shield)
rNeg    . . .      Spirit   .   b - +0 robe
rPois   .          Reflect  .   (helmet restricted)
rElec   .          Harm     .   (no cloak)
rCorr   .          Rampage  .   (gloves unavailable)
Will    .....                   (boots unavailable)
Stlth   +++.......              (no amulet)
HPRegen 0.03/turn               (no ring)
MPRegen 0.09/turn               (no ring)

@: very quick
A: very small, no large weapons, unfitting armour, see invisible, speed 3
a: no special abilities


You were on level 1 of the Dungeon.
You visited 1 branch of the dungeon, and saw 1 of its levels.

You collected 6 gold pieces.

Inventory:

Hand Weapons
 a - a +1 dagger (weapon)
Armour
 b - a +0 robe (worn)
Potions
 c - 2 potions of invisibility


   Skills:
 * Level 1.1 Short Blades
 * Level 2.7 Dodging
 + Level 4.4 Stealth
 * Level 2.9 Spellcasting
 + Level 3.6 Hexes


You had 5 spell levels left.
You didn't know any spells.
Your spell library contained the following spells:

 Spells                   Type           Power      Damage    Failure   Level
 Confusing Touch          Hex            14%        N/A       13%         3
 Tukima's Dance           Hex            14%        N/A       13%         3
 Ensorcelled Hibernation  Hex/Ice        16%        N/A       14%         2
 Dazzling Flash           Conj/Hex       16%        N/A       26%         3


Dungeon Overview and Level Annotations

Branches:
Dungeon (1/15)

Altars:


Innate Abilities, Weirdness & Mutations

You are very small and have problems with some larger weapons.
You are too small for most types of armour.
You have supernaturally acute eyesight. (SInv)
You cover ground extremely quickly. (Speed+++)


Message History

The jackal is almost dead.
The jackal closely misses you.
You hit the jackal.
You kill the jackal!
You see here a rat corpse.
HP restored.
A quokka comes into view.
The quokka bites you.
You hit the quokka.
The quokka is heavily wounded.
The quokka completely misses you.
You hit the quokka but do no damage.
The quokka is heavily wounded.
The quokka misses you.
You barely miss the quokka.
The quokka is heavily wounded.
The quokka misses you.
You hit the quokka but do no damage.
The quokka is heavily wounded.
The quokka misses you. The quokka bites you.
Ouch! That really hurt!
* * * LOW HITPOINT WARNING * * *
You are too injured to fight recklessly!
You are too injured to fight recklessly!
A quokka is nearby!
You are too injured to fight recklessly!
An endoplasm comes into view.
Found a dagger.
The endoplasm quivers.
The quokka barely misses you.
You hit the quokka but do no damage.
The quokka is moderately wounded.
The quokka completely misses you.
You hit the quokka but do no damage.
The quokka is moderately wounded.
The quokka misses you.
You hit the quokka but do no damage.
The quokka is moderately wounded.
The quokka misses you. The endoplasm hits you.
You die...

.. #.# #.#.#.# #..# # #
#.#.#.# ...#.#
###.##.#.#.# .....#.#
........#)# .......#
#.##...#.# .#......
#......#.#
.##############.J..#.##
...............r@.....#
######†################
#####8.8##
#........#####
..........##.####
................#####
...............#....###
###...................##
########.............#


You could see an endoplasm and a quokka.

Vanquished Creatures
  2 jackals (D:1)
  A rat (D:1)
3 creatures vanquished.

Notes
Turn   | Place    | Note
-------+----------+-------------------------------------------
     0 | D:1      | qeuew the Spriggan Enchanter began the quest for the Orb.
     0 | D:1      | Reached XP level 1. HP: 9/9 MP: 5/5
   252 | D:1      | Slain by an endoplasm

Illustrated notes

Levels and vault maps discovered:
D:1:      eino_arrival_cavern_e, layout_basic,
          shapermc_ecumenical_altar_pompeii, minmay_pentomino_p2

Action                   || total
-------------------------++-------
Melee: Dagger            ||    27
       Punch             ||     2
Armor: Robe              ||     2
Dodge: Dodged            ||    26
